 Dungeon Crawl Stone Soup version 0.19-a0-585-ge40200b (webtiles) character file.

29 namelastname112 the Grave Robber (level 3, -2/17 HPs)
             Began as a Vine Stalker Necromancer on June 9, 2016.
             Slain by Terence
             ... wielding a +4 flail of crushing
              (12 damage)
             ... on level 2 of the Dungeon.
             The game lasted 00:02:27 (1077 turns).

namelastname112 the Grave Robber (VSNe)             Turns: 1077, Time: 00:02:28

Health: -2/17      AC:  3    Str: 10    XL:     3   Next: 16%
Magic:  0/7        EV: 12    Int: 15    God:
Gold:   25         SH:  0    Dex: 15    Spells: 3 memorised, 1 level left

rFire  . . .     SeeInvis .     e - +0 dagger
rCold  . . .     Gourm    .     a - +0 robe
rNeg   . . .     Faith    .     (no shield)
rPois  +         Spirit   +     (no helmet)
rElec  .         Dismiss  .     (no cloak)
rCorr  .         Reflect  .     f - +0 pair of gloves
SustAt .         Harm     .     (no boots)
MR     .....                    (no amulet)
Stlth  ++........               (no ring)
                                k - ring of poison resistance

@: not resistant to hostile enchantments, unstealthy
A: fangs 2, regeneration 1, magic shield, antimagic bite, no device heal 3, rot
immunity
a: no special abilities


You were on level 2 of the Dungeon.
You were not hungry.

You visited 1 branch of the dungeon, and saw 2 of its levels.

You collected 25 gold pieces.

Inventory:

Hand Weapons
 e - a +0 dagger (weapon)
Missiles
 l - 8 curare-tipped needles
Armour
 a - a +0 robe (worn)
 f - a +0 pair of gloves (worn)
Jewellery
 k - a ring of poison resistance (left hand)
Scrolls
 i - a scroll of remove curse {unknown}
 j - a scroll of teleportation {unknown}
Potions
 n - a potion of berserk rage {unknown}
Books
 b - a book of Necromancy

   Spells                             Type                      Level
   a - Pain                           Necromancy                   1
   b - Animate Skeleton               Necromancy                   1
   c - Vampiric Draining              Necromancy                   3
   d - Regeneration                   Charms/Necromancy            3
   e - Animate Dead                   Necromancy                   4
   f - Control Undead                 Necromancy                   4
Comestibles
 c - 3 bread rations
 d - a beef jerky
 g - a meat ration
 h - a slice of pizza
 m - 4 fruits
 o - 2 chunks of flesh


   Skills:
 + Level 0.6 Fighting
 * Level 0.0 Short Blades
 + Level 2.0 Dodging
 - Level 2.4 Stealth
 + Level 2.4 Spellcasting
 * Level 4.4 Necromancy


You had one spell level left.
You knew the following spells:

 Your Spells              Type           Power        Failure   Level  Hunger
a - Animate Skeleton      Necr           N/A          3%          1    #......
s - Vampiric Draining     Necr           ###.......   12%         3    ###....
z - Pain                  Necr           ###.         3%          1    #......


Dungeon Overview and Level Annotations

Branches:
Dungeon (2/15)

Altars:

Annotations:
D:2 Terence


Innate Abilities, Weirdness & Mutations

You have extremely sharp teeth.
Your natural rate of healing is unusually fast.
When hurt, damage is shared between your health and your magic reserves.
Your bite disrupts and absorbs the magic of your enemies.
Potions and wands cannot restore your health.
You are immune to rotting.


Message History

Confirm with . or Enter, or press ? or * to list all spells.
Aiming: Pain
Press: ? - help, Shift-Dir - straight line, f/p - Terence
Aim: Terence, wielding a flail of crushing and wearing a ring mail (moderately wounded, chance to defeat MR: 80%) Terence convulses in agony!
Terence hits you with a flail of crushing.
You take 5 damage, and have 8/17 hp.
MASSIVE DAMAGE!!
You now have 0/7 mp.
There is a stone staircase leading up here.
You see here 3 gold pieces.
Terence screams, "I want your blood!"
Casting: Pain
Confirm with . or Enter, or press ? or * to list all spells.
Aiming: Pain
Press: ? - help, Shift-Dir - straight line, f/p - Terence
Aim: Terence, wielding a flail of crushing and wearing a ring mail (heavily wounded, chance to defeat MR: 80%) Terence barely resists.
You now have 0/7 mp.
Terence hits you with a flail of crushing!
Ouch! That really hurt!
You die...

#.#
#..........
##.#
#.#####.###.
####..###
##.....)...$.
#.......#
#..)†.##.#...
#.#####.##
#.....##.#. .
#<# #..#
#........#
#.# #..#
#.....##.#
#.# #..#
#....<...#
#.#####@##
##########
#..$..@.#
#######.# #(#
#.# #.. ##.
.. ..


You could see Terence.

Vanquished Creatures
  An ooze (D:1)
  A giant gecko (D:1)
  2 giant cockroaches
  7 goblins
  4 hobgoblins (D:1)
  2 giant newts (D:1)
  2 kobolds (D:1)
  2 rats
21 creatures vanquished.

Notes
Turn   | Place    | Note
--------------------------------------------------------------
     0 | D:1      | namelastname112 the Vine Stalker Necromancer began the quest for the Orb.
     0 | D:1      | Reached XP level 1. HP: 9/9 MP: 4/4
   105 | D:1      | Learned a level 1 spell: Animate Skeleton
   236 | D:1      | Reached XP level 2. HP: 11/13 MP: 1/6
   782 | D:1      | Reached XP level 3. HP: 15/17 MP: 3/7
   787 | D:1      | Learned a level 3 spell: Vampiric Draining
   966 | D:2      | Noticed Terence
  1077 | D:2      | Slain by Terence

Vault maps used:
D:1:      dpeg_arrival_solitude, roderic_digamma_sauvastika, st_stairs_14,
          moated_statue, serial_park_tiny_2, minmay_misc_feat_five
D:2:      nemelex_xobeh_ov_fountains_minmay, first_bread, uniq_terence

Skill      XL: |  1  2  3 |
---------------+----------+-----
Dodging        | 2 |  2.0
Fighting       | |  0.6
Stealth        | |  2.4
Spellcasting   | |  2.4
Necromancy     | |  4.4

Action                   || total
-------------------------++-------
Melee: Unarmed           ||    11
       Bite              ||     6
       Dagger            ||    15
 Cast: Pain              ||    41
       Animate Skeleton  ||     3
       Vampiric Draining ||     2
 Stab: Sleeping          ||     1
  Eat: Chunk             ||     1
Armor: Robe              ||     4
Dodge: Dodged            ||    13
